 Dungeon Crawl Stone Soup version 0.27.0-1-g7a089689b8 (webtiles) character file.

Game seed: 1922388191182349218

347 wakim the Magician (level 6, -2/44 HPs)
             Began as a Gnoll Wanderer on Aug 8, 2021.
             Was a Believer of Ashenzari.
             Slain by a black bear (4 damage)
             ... on level 5 of the Dungeon.
             The game lasted 00:11:48 (4812 turns).

wakim the Magician (Gnoll Wanderer)                 Turns: 4812, Time: 00:11:49

Health: -2/44      AC:  3    Str: 13    XL:     6   Next: 59%
Magic:  7/16       EV: 12    Int: 11    God:    Ashenzari [**....]
Gold:   74         SH:  5    Dex: 12    Spells: 15/19 levels left

rFire    . . .     SeeInvis +   b - +4 dagger "Prophetic Apathy" {Range, Melee} (curse)
rCold    . . .     Faith    .   d - +0 buckler "Bound Desperation" {Melee, Cun} (curse)
rNeg     + . .     Spirit   .   h - +0 robe of Ashenzari's Gnosis {Alch, Fort} (curse)
rPois    .         Reflect  .   e - +0 helmet "Tethered the Doldrums" {Comp, Alch} (curse)
rElec    .         Harm     .   (no cloak)
rCorr    .         Rampage  .   (no gloves)
Will     .....                  (no boots)
Stlth    ++........             (no amulet)
HPRegen  0.14/turn              f - ring of positive energy
MPRegen  0.15/turn              (no ring)

@: no status effects
A: fangs 1, strong nose, distributed training
a: Renounce Religion, Shatter the Chains


You were on level 5 of the Dungeon.
You worshipped Ashenzari.
Ashenzari was pleased with you.
You visited 1 branch of the dungeon, and saw 5 of its levels.

You collected 119 gold pieces.
You spent 45 gold pieces at shops.

Inventory:

Hand Weapons
 a - a +0 spear
 b - the cursed +4 dagger "Prophetic Apathy" (weapon) {Range, Melee}
   (You found it on level 2 of the Dungeon)

   It has a curse which improves the following skills: Ranged Combat: Slings,
   Bows, Crossbows and Throwing.
   Melee Combat: Short Blades, Long Blades, Axes, Maces & Flails, Polearms,
   Staves and Unarmed Combat.
Armour
 d - the cursed +0 buckler "Bound Desperation" (worn) {Melee, Cun}
   (You bought it in a shop on level 4 of the Dungeon)

   It has a curse which improves the following skills: Melee Combat: Short
   Blades, Long Blades, Axes, Maces & Flails, Polearms, Staves and Unarmed
   Combat.
   Cunning:   Dodging and Stealth.
 e - the cursed +0 helmet "Tethered the Doldrums" (worn) {Comp, Alch}
   (You found it on level 1 of the Dungeon)

   It has a curse which improves the following skills: Companions: Summonings
   and Necromancy.
   Alchemy:   Poison Magic and Transmutations.
 h - the cursed +0 robe of Ashenzari's Gnosis (worn) {Alch, Fort}

   It has a curse which improves the following skills: Alchemy: Poison Magic and
   Transmutations.
   Fortitude: Armour and Shields.
Jewellery
 f - a ring of positive energy (left hand)
Wands
 t - a wand of digging (6)
 u - a wand of mindburst (6)
 w - a wand of acid (7)
Scrolls
 g - a scroll of enchant weapon
 S - a scroll of summoning
 T - a scroll of teleportation
 U - a scroll of fear
Potions
 B - 3 potions of attraction {!q}
 D - a potion of brilliance
 G - a potion of flight
Miscellaneous
 c - a piece from Xom's chessboard (15/15)


   Skills:
 + Level 2.0 Fighting
 + Level 2.0(3.7) Short Blades
 + Level 2.0(3.7) Long Blades
 + Level 2.0(3.7) Axes
 + Level 2.0(3.7) Maces & Flails
 + Level 2.0(3.7) Polearms
 + Level 2.0(3.7) Staves
 + Level 2.0(3.1) Slings
 + Level 2.0(3.1) Bows
 + Level 2.0(3.1) Crossbows
 + Level 2.0(3.1) Throwing
 + Level 2.0(3.1) Armour
 + Level 2.0(3.1) Dodging
 + Level 2.0(3.1) Stealth
 + Level 3.3(4.6) Shields
 + Level 2.0(3.7) Unarmed Combat
 + Level 7.4 Spellcasting
 + Level 4.1 Conjurations
 + Level 1.6 Hexes
 + Level 5.7(7.1) Summonings
 + Level 1.6(2.6) Necromancy
 + Level 1.6 Translocations
 + Level 1.6(3.2) Transmutations
 + Level 1.6 Fire Magic
 + Level 1.6 Ice Magic
 + Level 1.6 Air Magic
 + Level 1.6 Earth Magic
 + Level 1.6(3.2) Poison Magic
 + Level 2.2 Invocations
 + Level 3.3 Evocations


You had 15 spell levels left.
You knew the following spells:

 Your Spells              Type           Power      Damage    Failure   Level
a - Summon Small Mammal   Summ           76%        N/A       1%          1
b - Magic Dart            Conj           52%        1d5       3%          1
s - Searing Ray           Conj           26%        3d4       4%          2

Your spell library contained the following spells:

 Spells                   Type           Power      Damage    Failure   Level
 Animate Skeleton         Necr           18%        N/A       5%          1
 Foxfire                  Conj/Fire      40%        2x1d6     5%          1
 Apportation              Tloc           14%        N/A       9%          1
 Corona                   Hex            7%         N/A       9%          1
 Summon Guardian Golem    Hex/Summ       13%        N/A       9%          3
 Conjure Flame            Conj/Fire      10%        6-21      16%         3
 Dazzling Flash           Conj/Hex       20%        N/A       16%         3
 Inner Flame              Hex/Fire       7%         N/A       26%         3
 Fulminant Prism          Conj/Hex       5%         3d7       45%         4
 Iskenderun's Mystic Bla  Conj/Tloc      10%        2d4       45%         4
 Iskenderun's Battlesphe  Conj           13%        2d7       63%         5
 Fireball                 Conj/Fire      5%         3d5       82%         5
 Conjure Ball Lightning   Conj/Air       5%         3x3d6     100%        6
 Orb of Destruction       Conj           6%         9d3       100%        7


Dungeon Overview and Level Annotations

Branches:
Dungeon (5/15)
 Temple: D:4-7

Altars:
Ashenzari
Uskayaw

Shops:
D:4 :*[


Innate Abilities, Weirdness & Mutations

You have very sharp teeth.
Your uncanny sense of smell can sniff out nearby items.
Your experience applies equally to all skills.


Message History

The black bear barely misses you. The black bear claws you.
The black bear closely misses you.
You completely miss the black bear.
The black bear is severely wounded.
The black bear bites you. The black bear claws you.
You block the black bear's attack.
Your magical contamination has completely faded away.
The searing ray misses the black bear. (Press . to maintain the ray.)
The black bear misses you. The black bear claws you. x2
* * * LOW HITPOINT WARNING * * *
The black bear bites you.
* * * LOW HITPOINT WARNING * * *
The black bear closely misses you.
The black bear claws you but does no damage.
You are too injured to fight recklessly!
Casting: Searing Ray (safe; 4% risk of failure)
Confirm with . or Enter, or press ? or * to list all spells.
Okay, then.
Casting: Searing Ray (safe; 4% risk of failure)
Confirm with . or Enter, or press ? or * to list all spells.
You block the black bear's attack. The black bear claws you.
* * * LOW HITPOINT WARNING * * *
You block the black bear's attack. The black bear closely misses you.
You block the black bear's attack. The black bear claws you.
* * * LOW HITPOINT WARNING * * *
You swap places.
The black bear bites your quokka!
Your quokka dies!
Your quokka's corpse disappears in a puff of smoke!
The black bear bites you.
* * * LOW HITPOINT WARNING * * *
The black bear claws you.
* * * LOW HITPOINT WARNING * * *
The black bear claws you.
* * * LOW HITPOINT WARNING * * *
Casting: Summon Small Mammal (safe; 1% risk of failure)
Confirm with . or Enter, or press ? or * to list all spells.
The black bear bites you.
You die...

,* # . * + * *
,#.##..######### *
.#.............# ,* *
.......#...#...# * * *
.##.#.8...8...8.# **
......,#...#...####.###
#.#..###.###..<......#
#.....#..b#...####.###
.##.#.8...8h@.8.# *
........#...#...# ∆* ,
.......###.###...#
.####.. #...#....#* * *
, #.8...8...8...., , ,
#.......#....### *
###..##......# , * #.#
####..# , * ,


You could see a black bear (berserk, ally target) and a friendly bat (summoned).

Vanquished Creatures
  2 hounds (D:4)
  An orc priest (D:3)
  A bullfrog skeleton (D:4)
  Ijyb (D:4)
  An orc wizard (D:4)
  7 adders
  4 worms
  3 dart slugs
  13 orcs
  9 ball pythons
  3 bats
  7 endoplasms
  6 giant cockroaches
  6 goblins
  7 hobgoblins
  7 jackals
  4 kobolds
  2 frilled lizards (D:1)
  3 rats
87 creatures vanquished.

Notes
Turn   | Place    | Note
-------+----------+-------------------------------------------
     0 | D:1      | wakim the Gnoll Wanderer began the quest for the Orb.
     0 | D:1      | wakim set off with the following items: a +0 club, a +0
                  | robe, a piece from Xom's chessboard (15/15); and the
                  | following spells available to memorise: Summon Small
                  | Mammal, Magic Dart, Searing Ray, Summon Guardian Golem,
                  | Dazzling Flash, Fulminant Prism, Iskenderun's Mystic Blast
     0 | D:1      | Reached XP level 1. HP: 13/13 MP: 8/8
     2 | D:1      | Learned a level 1 spell: Summon Small Mammal
     4 | D:1      | Learned a level 1 spell: Magic Dart
   307 | D:1      | Reached XP level 2. HP: 19/19 MP: 8/10
   382 | D:1      | Learned a level 2 spell: Searing Ray
   456 | D:1      | Found a faded altar of an unknown god.
   475 | D:1      | Became a worshipper of Ashenzari the Shackled
   611 | D:1      | Reached XP level 3. HP: 25/25 MP: 6/11
  1209 | D:2      | Reached skill level 1 in Invocations
  1215 | D:2      | Reached skill level 1 in Fighting
  1215 | D:2      | Reached skill level 1 in Short Blades
  1215 | D:2      | Reached skill level 1 in Long Blades
  1215 | D:2      | Reached skill level 1 in Axes
  1215 | D:2      | Reached skill level 1 in Maces & Flails
  1215 | D:2      | Reached skill level 1 in Polearms
  1215 | D:2      | Reached skill level 1 in Staves
  1215 | D:2      | Reached skill level 1 in Slings
  1215 | D:2      | Reached skill level 1 in Bows
  1215 | D:2      | Reached skill level 1 in Crossbows
  1215 | D:2      | Reached skill level 1 in Throwing
  1215 | D:2      | Reached skill level 1 in Armour
  1215 | D:2      | Reached skill level 1 in Dodging
  1215 | D:2      | Reached skill level 1 in Stealth
  1215 | D:2      | Reached skill level 1 in Unarmed Combat
  1576 | D:2      | Reached XP level 4. HP: 32/32 MP: 7/13
  2072 | D:2      | Reached skill level 1 in Hexes
  2072 | D:2      | Reached skill level 1 in Necromancy
  2072 | D:2      | Reached skill level 1 in Translocations
  2072 | D:2      | Reached skill level 1 in Transmutations
  2072 | D:2      | Reached skill level 1 in Fire Magic
  2072 | D:2      | Reached skill level 1 in Ice Magic
  2072 | D:2      | Reached skill level 1 in Air Magic
  2072 | D:2      | Reached skill level 1 in Earth Magic
  2072 | D:2      | Reached skill level 1 in Poison Magic
  2461 | D:3      | Reached XP level 5. HP: 31/37 MP: 5/14
  3326 | D:3      | Found a hide-covered altar of Uskayaw.
  3369 | D:3      | Reached * piety under Ashenzari
  3524 | D:3      | Reached ** piety under Ashenzari
  3931 | D:4      | Found Wuoll's Book Shop.
  4007 | D:4      | Reached XP level 6. HP: 37/44 MP: 3/16
  4111 | D:4      | Found Bufadeuwue's General Store.
  4116 | D:4      | Bought a +0 buckler for 45 gold pieces
  4121 | D:4      | Noticed Ijyb
  4129 | D:4      | Killed Ijyb
  4291 | D:4      | Found Gurghicazi's Antique Armour Boutique.
  4785 | D:5      | Entered Level 5 of the Dungeon
  4795 | D:5      | Noticed a black bear
  4811 | D:5      | HP: 2/44 [black bear (2)]
  4812 | D:5      | Slain by a black bear

Illustrated notes

Levels and vault maps discovered:
D:1:      dpeg_arrival_erosion, layout_basic, basic_ecumenical_altar
D:2:      layout_basic, chequers_serial_rivers_micro_e,
          small_statue_intersection
D:3:      layout_loops_corners, mainiacjoe_overflow_boulevard, st_stairs_7
D:4:      layout_loops_ring, serial_shops, nicolae_shop_waterfront,
          nicolae_square_shop, shop, serial_bayou_pond_a, uniq_ijyb
D:5:      layout_basic, zin_treasury, tgw_trog, minmay_misc_feat_four_crosses

Skill      XL: |  1  2  3  4  5  6 |
---------------+-------------------+-----
Invocations    | 1 2 |  2.2
Fighting       | 1 2 |  2.0
Short Blades   | 1 2 |  2.0
Long Blades    | 1 2 |  2.0
Axes           | 1 2 |  2.0
Maces & Flails | 1 2 |  2.0
Polearms       | 1 2 |  2.0
Staves         | 1 2 |  2.0
Slings         | 1 2 |  2.0
Bows           | 1 2 |  2.0
Crossbows      | 1 2 |  2.0
Throwing       | 1 2 |  2.0
Armour         | 1 2 |  2.0
Dodging        | 1 2 |  2.0
Stealth        | 1 2 |  2.0
Unarmed Combat | 1 2 |  2.0
Hexes          | 1 |  1.6
Necromancy     | 1 |  1.6
Translocations | 1 |  1.6
Transmutations | 1 |  1.6
Fire Magic     | 1 |  1.6
Ice Magic      | 1 |  1.6
Air Magic      | 1 |  1.6
Earth Magic    | 1 |  1.6
Poison Magic   | 1 |  1.6
Shields        | 3 |  3.3
Evocations     | 3 |  3.3
Conjurations   | 4 |  4.1
Spellcasting   | |  7.4
Summonings     | |  5.7

Action                   |  1- 3 |  4- 6 || total
-------------------------+-------+-------++-------
Melee: Spear             |     5 |       ||     5
       Dagger            |       |     9 ||     9
 Cast: Magic Dart        |    18 |       ||    18
       Summon Small Mamm |     1 |     2 ||     3
       Searing Ray       |    20 |    51 ||    71
Invok: Curse Item        |       |     4 ||     4
Armor: Robe              |     4 |     9 ||    13
Dodge: Dodged            |    10 |    27 ||    37
Block: Buckler           |       |     8 ||     8
